 Dungeon Crawl Stone Soup version 0.17.0-28-g6e173f8 (webtiles) character file.

921 Raultor the Ducker (level 7, -1/61 HPs)
             Began as a Minotaur Gladiator on Nov 23, 2015.
             Slain by a wight
             ... wielding a cursed +0 spear
              (4 damage)
             ... on level 6 of the Dungeon.
             The game lasted 00:10:28 (3900 turns).

Raultor the Ducker (Minotaur Gladiator)             Turns: 3900, Time: 00:10:28

Health: -1/61      AC:  7    Str: 21    XL:     7   Next: 84%
Magic:  15/15      EV: 13    Int:  5    God:
Gold:   101        SH:  0    Dex: 11    Spells: 0 memorised, 6 levels left

rFire  . . .     SeeInvis .     G - +4 hand axe
rCold  . . .     Clarity  .     F - +0 ring mail
rNeg   . . .     SustAt   .     (no shield)
rPois  +         Gourm    .     c - +0 hat
rElec  .         Spirit   .     (no cloak)
rCorr  .         Warding  .     p - +0 pair of gloves
rMut   .         Stasis   .     (no boots)
MR     .....                    (no amulet)
Stlth  +.........               H - ring of poison resistance
                                h - ring of magical power

@: not resistant to hostile enchantments, very unstealthy
A: retaliatory headbutt, horns 2
a: no special abilities


You were on level 6 of the Dungeon.
You were hungry.

You visited 1 branch of the dungeon, and saw 6 of its levels.

You collected 341 gold pieces.
You spent 240 gold pieces at shops.

Inventory:

Hand Weapons
 a - a +0 war axe
 G - a +4 hand axe (weapon)
Missiles
 d - 4 throwing nets (quivered)
 u - 9 tomahawks
Armour
 c - a +0 hat (worn)
 p - a +0 pair of gloves (worn)
 F - a +0 ring mail (worn)
Jewellery
 h - a ring of magical power (left hand)
 H - a ring of poison resistance (right hand)
Scrolls
 i - a scroll of amnesia
 k - 3 scrolls of identify {unknown}
 m - a scroll of blinking {unknown}
 n - 3 scrolls of enchant armour {unknown}
 o - a scroll of fear {unknown}
 t - 2 scrolls of recharging {unknown}
 w - 3 scrolls of teleportation {unknown}
 x - a scroll of remove curse
 y - a scroll of enchant weapon {unknown}
Potions
 f - 3 potions of curing {unknown}
 j - a potion of agility {unknown}
 l - a potion of ambrosia {unknown}
 q - a potion of resistance {unknown}
 s - 3 potions of might {unknown}
 v - a potion of haste {unknown}
 z - a potion of heal wounds {unknown}
 A - a potion of degeneration {unknown}
 D - a potion of poison {unknown}
Books
 C - a book of Annihilations

   Spells                             Type                      Level
   a - Poison Arrow                   Conjuration/Poison           6
   b - Chain Lightning                Conjuration/Air              8
   c - Lehudib's Crystal Spear        Conjuration/Earth            8
   d - Glaciate                       Conjuration/Ice              9
   e - Fire Storm                     Conjuration/Fire             9
Comestibles
 b - a chunk of flesh
 e - 6 bread rations
 g - 2 slices of pizza
 r - 2 fruits
 B - 3 meat rations
 E - 2 beef jerkies


   Skills:
 + Level 5.3 Fighting
 + Level 6.0 Axes
 - Level 2.0 Throwing
 + Level 5.3 Armour
 + Level 6.5 Dodging


You had 6 spell levels left.
You didn't know any spells.

Dungeon Overview and Level Annotations

Branches:
Dungeon (6/15)
 Temple: D:4-7

Altars:
Ashenzari
Cheibriados
Elyvilon
Gozag
Nemelex Xobeh
Sif Muna
Yredelemnul
Zin

Shops:
D:5 =


Innate Abilities, Weirdness & Mutations

You reflexively headbutt those who attack you in melee.
You have a pair of horns on your head.


Message History

Your Axes skill increases to level 6!
You barely miss the orc. The orc hits you with a war axe.
You slash the orc!
You kill the orc!
The wight hits you from afar with a spear.
* * * LOW HITPOINT WARNING * * *
The wight hits you with a spear!
* * * LOW HITPOINT WARNING * * *
Items here: ( )))) / [[[ †† You barely miss the wight.
The wight hits you but does no damage.
You hit the wight but do no damage. The wight hits you with a spear.
* * * LOW HITPOINT WARNING * * *
You hit the wight.
The wight is heavily damaged.
The wight hits you but does no damage.
You closely miss the wight.
You headbutt the wight, but do no damage.
The wight is heavily damaged.
The wight hits you with a spear.
You die...

..# ... ..# #
##..## ###.
.....# .....
...#.#
......####.....#
......z@.......#
......###......#
..... ##......#
#### #..#...##
#.....##
######..##.#
#.<........#
#..........#
#....).....#


You could see a wight.

Vanquished Creatures
  An ogre (D:5)
  An orc warrior (D:6)
  3 wights (D:6)
  A giant frog zombie (D:6)
  4 orc wizards
  A centaur zombie (D:5)
  2 crimson imps (D:5)
  An orc priest (D:5)
  A giant frog skeleton (D:4)
  Jessica (D:3)
  2 hounds (D:5)
  An iguana (D:5)
  A worker ant zombie (D:5)
  4 gnolls (D:5)
  5 adders
  An ooze (D:3)
  An adder skeleton (D:5)
  3 worms
  6 giant geckos
  14 orcs
  4 giant cockroaches
  6 goblins
  5 hobgoblins (D:2)
  3 jackals
  5 quokkas
  A ball python (D:5)
  7 bats
  A giant gecko zombie (D:5)
  5 giant newts
  5 kobolds
  4 rats
100 creatures vanquished.

Vanquished Creatures (others)
  An orc (D:6)
  A goblin (D:1)
2 creatures vanquished.

Grand Total: 102 creatures vanquished

Notes
Turn   | Place    | Note
--------------------------------------------------------------
     0 | D:1      | Raultor the Minotaur Gladiator began the quest for the Orb.
     0 | D:1      | Reached XP level 1. HP: 18/18 MP: 0/0
    53 | D:1      | Reached skill level 1 in Armour
   127 | D:1      | Reached XP level 2. HP: 20/25 MP: 1/1
   662 | D:2      | Found a faded altar to an unknown god.
   869 | D:2      | Found a glowing silver altar of Zin.
   869 | D:2      | Found a deep blue altar of Sif Muna.
   870 | D:2      | Found a basalt altar of Yredelemnul.
   870 | D:2      | Found a white marble altar of Elyvilon.
   871 | D:2      | Found a snail-covered altar of Cheibriados.
   872 | D:2      | Found an opulent altar of Gozag.
   879 | D:2      | Reached XP level 3. HP: 26/30 MP: 2/2
   879 | D:2      | Reached skill level 4 in Dodging
  1088 | D:2      | Found a shattered altar of Ashenzari.
  1476 | D:3      | Noticed Jessica
  1481 | D:3      | Killed Jessica
  1481 | D:3      | Reached XP level 4. HP: 38/38 MP: 3/3
  1736 | D:3      | Reached XP level 5. HP: 34/45 MP: 4/4
  2761 | D:5      | Entered Level 5 of the Dungeon
  2779 | D:5      | Reached skill level 5 in Dodging
  2801 | D:5      | Reached XP level 6. HP: 45/52 MP: 5/5
  3006 | D:5      | Reached skill level 5 in Axes
  3249 | D:5      | Reached XP level 7. HP: 60/60 MP: 6/6
  3448 | D:5      | Reached skill level 6 in Dodging
  3457 | D:5      | Found a sparkling altar of Nemelex Xobeh.
  3578 | D:5      | Found Cecoikoask's Jewellery Shop.
  3586 | D:5      | Bought an uncursed ring of poison resistance for 240 gold pieces
  3849 | D:6      | Reached skill level 5 in Fighting
  3876 | D:6      | Reached skill level 5 in Armour
  3898 | D:6      | HP: 3/61 [wight/spear (4)]
  3900 | D:6      | Slain by a wight

Action                   |  1- 3 |  4- 6 |  7- 9 || total
-------------------------+-------+-------+-------++-------
Melee: War axe           |    79 |   101 |     9 ||   189
       Hand axe          |       |       |    54 ||    54
Throw: Throwing net      |       |       |     2 ||     2
  Use: Scroll            |     2 |       |       ||     2
  Eat: Chunk             |     2 |     6 |     1 ||     9
